 Dungeon Crawl Stone Soup version 0.32-a0-666-ge8a88695a4 (webtiles) character file.

Game seed: 2994905183184051942

6 Esekla the Sneak (level 1, 16/16 HPs)
             Began as an Octopode Delver on Mar 10, 2024.
             Quit the game on level 5 of the Dungeon.
             The game lasted 00:01:47 (126 turns).

Esekla the Sneak (Octopode Delver)                   Turns: 126, Time: 00:01:47

Health: 16/16      AC:  1    Str: 11    XL:     1   Next: 90%
Magic:  1/1        EV: 13    Int: 12    God:
Gold:   51         SH:  0    Dex: 13    Spells: 0/0 levels left

rFire   . . .        a - +0 falchion
rCold   . . .        (no shield)
rNeg    . . .        (helmet restricted)
rPois   .            (no amulet)
rElec   .            (no ring)
rCorr   .            (no ring)
SInv    .            (no ring)
Will    .....        (no ring)
Stlth   ++++         (no ring)
HPRegen 0.22/turn    (no ring)
MPRegen 0.07/turn    (no ring)
                     (no ring)

%: no passive effects
@: no status effects
A: almost no armour, amphibious, 8 rings, camouflage 1, gelatinous body 1,
(nimble swimmer 1), tentacles
a: no special abilities


You were on level 5 of the Dungeon.
You visited 1 branch of the dungeon, and saw 1 of its levels.

You collected 51 gold pieces.

Inventory:

Hand Weapons
 a - a +0 falchion (weapon)
Missiles
 g - a boomerang (quivered)
Wands
 f - a wand of digging (2)
Scrolls
 b - a scroll of fog
 d - a scroll of fear
Potions
 e - a potion of haste


   Skills:
 * Level 3.0 Fighting
 + Level 2.0 Long Blades
 * Level 2.0 Dodging
 + Level 6.8 Stealth
 * Level 0.2 Spellcasting


You couldn't memorise any spells.
You didn't know any spells.
Your spell library was empty.

Dungeon Overview and Level Annotations

Branches:
Dungeon (5/15)
 Temple: D:4-7

Altars:
Hepliaklqana
Kikubaaqudgha
Xom


Innate Abilities, Weirdness & Mutations

You cannot wear most types of armour.
You are amphibious.
You can wear up to eight rings at the same time.
Your skin changes colour to match your surroundings (Stealth+).
Your rubbery body absorbs attacks. (AC +1, EV +1)
((You are camouflaged when in or above water. (Stealth+)))
You have tentacles for arms and can constrict up to eight enemies at once.


Message History

Items here: )) [ ††.
Okay, then.
Things that are here:
a +0 flail; a boomerang
g - a boomerang
As you read the scroll of revelation, it crumbles to dust.
You feel aware of your surroundings.
You sensed 3 altars.
You now have 21 gold pieces (gained 13).
You now have 37 gold pieces (gained 16).
You now have 51 gold pieces (gained 14).
You open the door.
Found a shimmering altar of Xom.
There is an open door here.
Found a hazy altar of Hepliaklqana.
There is an open door here.
You open the door.
A jelly comes into view.
You close the door.
Found a stone staircase leading up.
There is an open door here.
You open the door.
There is an open door here.
Found 5 stones.
A hound comes into view.
Aiming: Dig
Press: ? - help, Shift-Dir - straight line A rock wall.
The rock shatters into small pieces.
The hound barks!
Found a hand axe and 3 stones.
Found an ancient bone altar of Kikubaaqudgha.
Miasma emanates from the human's flesh.
The human is engulfed in dark miasma.
The human is poisoned.
The human shouts!
The human is engulfed in dark miasma.
The human looks even sicker.
The human is engulfed in dark miasma.
The human looks even sicker.
The human seems to slow down.
The human dies!
The human rises from the dead!
Are you sure you want to abandon this character and quit the game? (Confirm with "yes".)

,,,,,,**************,,,,,*
,,,,,,,,,,,,,,,,,>,,,,,,**
******************,,,,,.#
*****#.# *#..#* ####* *#...,*
#...#* *#..#*,**
#....###..#**,,* *
*#...@...#* **,** * #####..##
*,,* * #..(# **,** * #####*
####...#### *,,* *
###....###...^_....#****,***
*
##.......#.h##.).#....,,,,,,*
*
#..........#######.....,,,,**
* #.........##
##Z##,....,,,,,*
*##.........#
#####,....,,,,,**


You could see a human zombie.

Vanquished Creatures
  3 orcs (D:5)
3 creatures vanquished.

Vanquished Creatures (others)
  A human (D:5)
1 creature vanquished.

Grand Total: 4 creatures vanquished

Notes
Turn   | Place    | Note
-------+----------+-------------------------------------------
     0 | D:5      | Esekla the Octopode Delver began the quest for the Orb.
     0 | D:5      | Reached XP level 1. HP: 16/16 MP: 1/1
    59 | D:5      | Found a shimmering altar of Xom.
    60 | D:5      | Found a hazy altar of Hepliaklqana.
    60 | D:5      | Noticed a tentacled monstrosity
    75 | D:5      | Noticed a jelly
    98 | D:5      | Noticed a spectral ugly thing
    98 | D:5      | Noticed a tentacled monstrosity
   107 | D:5      | Noticed a hound
   120 | D:5      | Found an ancient bone altar of Kikubaaqudgha.
   121 | D:5      | Noticed a human
   124 | D:5      | Killed a human
   126 | D:5      | Quit the game

Illustrated notes

Levels and vault maps discovered:
D:5:      layout_cave_pods, regret_index_temple_of_mockery, tgw_kikubaaqudgha,
          ebering_ghost_disaster_area, corexii_checkpoint, grunt_ministairs_14,
          uniq_grinder

Action                     || total
---------------------------++-------
  Melee: Falchion          ||     6
         Constrict         ||     3
         Tentacles         ||     2
  Evoke: Wand              ||     1
    Use: Scroll            ||     1
 Armour: Skin              ||     2
  Dodge: Dodged            ||     5

Table legend: (Time is in decaauts)
 A = Elapsed time spent in this place.
 B = Non-inter-level travel time spent in this place.
 C = Inter-level travel time spent in this place.
 D = Time resting spent in this place.
 E = Time spent auto-exploring this place.
 F = Levels seen in this place.
 G = Mean time per level.
                   A        B        C        D        E       F      G
               +--------+--------+--------+--------+--------+-----+--------+
         Total |    127 |    127 |      0 |      0 |      0 |   1 |  127.0 |
       Dungeon |    127 |    127 |      0 |      0 |      0 |   1 |  127.0 |
               +--------+--------+--------+--------+--------+-----+--------+

Top non-repeatable levels by time:
     D:5: 127 daAuts
